 Dungeon Crawl Stone Soup version 0.31-a0-1098-g6898e6545c (webtiles) character file.

Game seed: 6080734306992780338

121 HessuHobo the Trooper (level 4, -9/40 HPs)
             Began as a Draconian Fighter on Nov 30, 2023.
             Killed by nerve-wracking pain
             ... invoked by an orc priest
              (14 damage)
             ... on level 3 of the Dungeon.
             The game lasted 00:03:06 (2095 turns).

HessuHobo the Trooper (Draconian Fighter)           Turns: 2095, Time: 00:03:06

Health: -9/40      AC:  6    Str: 20    XL:     4   Next: 77%
Magic:  4/4        EV: 12    Int:  9    God:
Gold:   190        SH:  4    Dex: 10    Spells: 3/3 levels left

rFire   . . .        a - +0 trident
rCold   . . .        b - +0 buckler
rNeg    . . .        (body armour unavailable)
rPois   .            (helmet restricted)
rElec   .            t - +0 cloak
rCorr   .            (no gloves)
SInv    .            (no boots)
Will    .....        (no amulet)
Stlth   +            (no ring)
HPRegen 0.26/turn    (no ring)
MPRegen 0.09/turn

%: no passive effects
@: mighty
A: AC +5, unfitting armour, cold-blooded
a: no special abilities


You were on level 3 of the Dungeon.
You visited 1 branch of the dungeon, and saw 3 of its levels.

You collected 190 gold pieces.

Inventory:

Hand Weapons
 a - a +0 trident (weapon)
 q - a +2 mace of holy wrath
Missiles
 o - 8 poisoned darts
 p - 4 javelins
Armour
 b - a +0 buckler (worn)
 t - a +0 cloak (worn)
Magical Staves
 h - a staff of death
Wands
 r - a wand of iceblast (6)
Scrolls
 d - a scroll of vulnerability {unknown}
 e - a scroll of identify {unknown}
 k - a scroll of teleportation {unknown}
Potions
 f - a potion of invisibility {unknown}
 g - 4 potions of mutation {unknown}
 i - 2 potions of lignification {unknown}
 j - a potion of heal wounds {unknown}
 l - a potion of haste {unknown}
 m - a potion of attraction {unknown}
 n - a potion of resistance {unknown}
 s - a potion of degeneration {unknown}


   Skills:
 + Level 4.1 Fighting
 + Level 2.9 Polearms
 + Level 0.7 Throwing
 + Level 3.3 Dodging
 + Level 0.7 Stealth
 + Level 3.6 Shields


You had 3 spell levels left.
You didn't know any spells.
Your spell library contained the following spells:

 Spells                   Type           Power      Damage    Failure   Level
 Magic Dart               Conj           0%         1d3       45%         1
 Call Imp                 Summ           0%         N/A       58%         2
 Mephitic Cloud           Conj/Pois/Air  0%         N/A       83%         3


Dungeon Overview and Level Annotations

Branches:
Dungeon (3/15)

Altars:


Innate Abilities, Weirdness & Mutations

Your plain brown scales are hard. (AC +5)
You cannot fit into any form of body armour.
You are cold-blooded and may be slowed by cold attacks.


Message History

The orc priest hits you with a +0 short sword.
You hit the orc priest.
You kill the orc priest!
The orc throws a boomerang.
The boomerang hits you.
Your Fighting skill increases to level 4!
You have reached level 4!
You feel clever.
The orc throws a boomerang.
The boomerang barely misses you.
The orc wizard casts a spell.
The orc wizard flickers and vanishes!
Deactivating autopickup; reactivate with Ctrl-A.
Things that are here:
a +0 short sword; an orc corpse The orc misses you.
You barely miss the orc. The orc hits you but does no damage.
You closely miss the orc.
The orc priest calls down the wrath of Beogh upon you.
Beogh smites you! The orc hits you with a +0 dagger. The orc misses you.
You puncture the orc!
You kill the orc!
You barely miss something. Something hits you.
You barely miss something. Something hits you.
You closely miss something. Something hits you but does no damage.
You impale something!!
Reactivating autopickup.
You feel a bit more experienced.
The orc priest invokes the aid of Beogh against you.
Beogh smites you!
* * * LOW HITPOINT WARNING * * *
The orc priest hits you with a +0 dagger.
* * * LOW HITPOINT WARNING * * *
Items here: ( )) [[ †.
You barely miss the orc priest. The orc priest barely misses you.
You puncture the orc priest!
The orc priest is almost dead.
The orc priest hits you with a +0 dagger.
* * * LOW HITPOINT WARNING * * *
The orc priest invokes the aid of Beogh against you.
Pain shoots through your body!
You die...

#.# ..# #.#
.#. .# #.# #
# # #.# #.#
#.# #.# #.#
##########.#
....=.o@.).#
############


You could see an orc priest.

Vanquished Creatures
  An orc priest (D:3)
  An orc wizard (D:3)
  3 adders (D:2)
  A worm (D:3)
  A dart slug (D:1)
  An orc (D:3)
  5 ball pythons (D:1)
  2 endoplasms (D:1)
  2 giant cockroaches
  5 hobgoblins
  5 bats
  2 frilled lizards (D:1)
  A goblin (D:1)
  4 kobolds
  4 rats
38 creatures vanquished.

Notes
Turn   | Place    | Note
-------+----------+-------------------------------------------
     0 | D:1      | HessuHobo the Draconian Fighter began the quest for the
                  | Orb.
     0 | D:1      | Reached XP level 1. HP: 19/19 MP: 1/1
   241 | D:1      | Reached XP level 2. HP: 26/26 MP: 2/2
  1171 | D:2      | Reached XP level 3. HP: 21/33 MP: 3/3
  2084 | D:3      | Reached skill level 4 in Fighting
  2084 | D:3      | Reached XP level 4. HP: 33/40 MP: 4/4
  2095 | D:3      | Killed from afar by an orc priest

Illustrated notes

Levels and vault maps discovered:
D:1:      onia_arrival_mini_spirals, layout_basic, st_stairs_6
D:2:      layout_loops_cross, dk_noncrumbling_4, grunt_decor_mini_mirrors
D:3:      layout_loops_ring, nicolae_ecumenical_pavilion

Skill      XL: |  1  2  3 |
---------------+----------+-----
Dodging        | 3 |  3.3
Fighting       | 4 |  4.1
Polearms       | |  2.9
Throwing       | |  0.7
Stealth        | |  0.7
Shields        | |  3.6

Action                     |  1- 3 |  4- 6 || total
---------------------------+-------+-------++-------
  Melee: Trident           |   117 |     9 ||   126
         Tailslap          |     9 |       ||     9
    Use: Potion            |     1 |       ||     1
   Stab: Sleeping          |     2 |       ||     2
 Armour: Skin              |    42 |     7 ||    49
  Dodge: Dodged            |    53 |     4 ||    57
  Block: Buckler           |    18 |       ||    18

Table legend: (Time is in decaauts)
 A = Elapsed time spent in this place.
 B = Non-inter-level travel time spent in this place.
 C = Inter-level travel time spent in this place.
 D = Time resting spent in this place.
 E = Time spent auto-exploring this place.
 F = Levels seen in this place.
 G = Mean time per level.
                   A        B        C        D        E       F      G
               +--------+--------+--------+--------+--------+-----+--------+
         Total |   2122 |   1972 |    150 |     67 |   1613 |   3 |  707.3 |
       Dungeon |   2122 |   1972 |    150 |     67 |   1613 |   3 |  707.3 |
               +--------+--------+--------+--------+--------+-----+--------+

Top non-repeatable levels by time:
     D:1: 1148 daAuts
     D:2: 744 daAuts
     D:3: 229 daAuts
